 Dungeon Crawl Stone Soup version 0.23-a0-398-g8eab93f (webtiles) character file.

405 w00t the Cudgeler (level 6, -1/45 HPs)
             Began as an Octopode Wanderer on Nov 3, 2018.
             Was an Initiate of Gozag.
             Slain by a hound (4 damage)
             ... on level 5 of the Dungeon.
             The game lasted 00:05:26 (3990 turns).

w00t the Cudgeler (Octopode Wanderer)               Turns: 3990, Time: 00:05:27

Health: -1/45      AC:  3    Str: 11    XL:     6   Next: 87%
Magic:  6/6        EV: 13    Int: 17    God:    Gozag
Gold:   447        SH:  0    Dex: 11    Spells: 5/5 levels left

rFire    . . .     SeeInvis .   a - +2 mace
rCold    . . .     Gourm    .   (no shield)
rNeg     . . .     Faith    .   h - +2 hat
rPois    .         Spirit   .   (no amulet)
rElec    .         Reflect  .   s - ring of protection from magic {MR+, !d}
rCorr    .         Harm     .   (no ring)
MR       +....                  (no ring)
Stlth    ++++......             (no ring)
HPRegen  0.15/turn              (no ring)
MPRegen  0.10/turn              (no ring)
                                (no ring)
                                (no ring)

@: gold aura
A: almost no armour, stealthy swim, amphibious, 8 rings, constrict 8, camouflage
1, gelatinous body 1
a: Potion Petition, Call Merchant, Bribe Branch, Renounce Religion


You were on level 5 of the Dungeon.
You worshipped Gozag.
Gozag was aware of your devotion.
You were not hungry.

You visited 1 branch of the dungeon, and saw 5 of its levels.

You collected 486 gold pieces.
You paid 39 gold pieces to Gozag.

Inventory:

Hand Weapons
 a - a +2 mace (weapon)
 d - a +0 dagger
Missiles
 f - 34 sling bullets
 i - 111 stones
 m - 3 steel javelins (quivered)
 p - 3 tomahawks of dispersal {=f}
Armour
 h - a +2 hat (worn)
Jewellery
 s - a ring of protection from magic (left tentacle) {MR+, !d}
Scrolls
 b - 4 scrolls of teleportation
 e - 2 scrolls of magic mapping {unknown}
 j - 2 scrolls of remove curse {unknown}
 k - a scroll of random uselessness {unknown}
 l - a scroll of immolation {unknown}
Potions
 c - a potion of lignification {!q}
 g - a potion of heal wounds {@q2}
 n - 2 potions of brilliance {unknown}
 o - a potion of might {unknown}
 q - a potion of invisibility {unknown}


   Skills:
 + Level 5.0 Fighting
 * Level 5.3 Maces & Flails
   Level 1.0 Crossbows
 + Level 2.6 Dodging
 - Level 5.0 Stealth


You had 5 spell levels left.
You didn't know any spells.
Your spell library was empty.

Dungeon Overview and Level Annotations

Branches:
Dungeon (5/15)             Temple (0/1) D:4

Altars:
Cheibriados
Gozag
Hepliaklqana
The Shining One


Innate Abilities, Weirdness & Mutations

You cannot wear most types of armour.
You are very stealthy in the water. (Stealth+)
You are amphibious.
You can wear up to eight rings at the same time.
You can use your tentacles to constrict eight enemies at once.
Your skin changes colour to match your surroundings (Stealth+).
Your rubbery body absorbs attacks. (AC +1, EV +1)


Message History

The hound barely misses you. The orc hits you with a +0 club.
* * * LOW HITPOINT WARNING * * *
You sock the orc!
You kill the orc!
The hound bites you.
* * * LOW HITPOINT WARNING * * *
The orc barely misses you. The hound bites you.
* * * LOW HITPOINT WARNING * * *
You hit the orc priest but do no damage.
You grab the orc priest. You constrict the orc priest.
The hound bites you but does no damage.
The orc priest mumbles some strange prayers to Beogh against you.
Pain shoots through your body!
* * * LOW HITPOINT WARNING * * *
The orc hits you but does no damage.
You hit the orc priest.
The orc priest is moderately wounded.
You constrict the orc priest. The hound bites you.
You die...
Your body crumbles into a pile of gold.

#....#.....#########
#....#.....#....#...
##....#.....#....#...
#...?.#.....#....'...
#)....#.....#....#...
+...o.#.....#....#...
#..oho#.....#....#...
####@##.....#...##...
#.......##'##...##...
#.......#............
#.......#..).........
#.......#............
#.<.....#............
##.......###+###.....#
#................#####
#................#


You could see a hound, an orc priest and 2 orcs.

Vanquished Creatures
  A scorpion (D:4)
  A jelly (D:3)
  A hound (D:3)
  4 orc wizards
  A worker ant (D:4)
  5 adders
  5 worms
  2 leopard geckos (D:3)
  15 orcs
  3 ball pythons
  2 bats
  A giant cockroach (D:1)
  7 goblins
  6 hobgoblins
  15 jackals
  3 quokkas
  A ball python skeleton (D:4)
  5 frilled lizards
  6 kobolds
  4 rats
88 creatures vanquished.

Notes
Turn   | Place    | Note
-------+----------+-------------------------------------------
     0 | D:1      | w00t the Octopode Wanderer began the quest for the Orb.
     0 | D:1      | w00t set off with the following items: a +2 mace, a scroll
                  | of teleportation, a potion of lignification {!q}, a +0
                  | dagger, a ration
     0 | D:1      | Reached XP level 1. HP: 17/17 MP: 1/1
    10 | D:1      | Found a glowing golden altar of the Shining One.
   332 | D:1      | Reached XP level 2. HP: 15/22 MP: 2/2
   780 | D:1      | You fall through a shaft!
   815 | D:2      | Reached XP level 3. HP: 13/27 MP: 3/3
  1281 | D:2      | Reached skill level 1 in Dodging
  1281 | D:2      | Reached XP level 4. HP: 34/34 MP: 4/4
  1879 | D:3      | Found an opulent altar of Gozag.
  1925 | D:3      | Became a worshipper of Gozag Ym Sagoz the Greedy
  2206 | D:3      | Found a hazy altar of Hepliaklqana.
  2268 | D:3      | Reached XP level 5. HP: 19/38 MP: 5/5
  3064 | D:3      | Reached XP level 6. HP: 44/44 MP: 6/6
  3335 | D:3      | Found a glowing golden altar of the Shining One.
  3335 | D:3      | Found a snail-covered altar of Cheibriados.
  3503 | D:4      | Noticed a phantom
  3576 | D:4      | Found a staircase to the Ecumenical Temple.
  3659 | D:4      | Reached skill level 5 in Maces & Flails
  3667 | D:4      | Reached skill level 5 in Stealth
  3860 | D:4      | Reached skill level 5 in Fighting
  3920 | D:5      | Entered Level 5 of the Dungeon
  3990 | D:5      | Slain by a hound

Vault maps used:
D:1:      minmay_arrival_open_corners, tso_metal_star
D:2:      nrook_mini_vaults, minmay_liquid_box
D:3:      nicolae_gozag_cash_rules_everything_around_me, lemuel_doored_altar,
          gammafunk_temple_overflow_elements, first_ration
D:4:      vehumet_crystals, minmay_temple_entry_statues_pillars, fountainhead,
          minmay_goblin_kobold_house

Skill      XL: |  1  2  3  4  5  6 |
---------------+-------------------+-----
Stealth        | 3 4 5 |  5.0
Dodging        | 1 2 |  2.6
Maces & Flails | 4 5 |  5.3
Fighting       | 5 |  5.0
Crossbows      | |  1.0

Action                   |  1- 3 |  4- 6 || total
-------------------------+-------+-------++-------
Melee: Mace              |    35 |   143 ||   178
       Constrict         |     7 |    35 ||    42
       Tentacles         |     2 |    15 ||    17
Throw: Javelin           |    11 |    22 ||    33
       Stone             |       |     6 ||     6
  Use: Potion            |       |     1 ||     1
 Stab: Sleeping          |     5 |    13 ||    18
  Eat: Chunk             |     1 |     3 ||     4
       Ration            |       |     2 ||     2
Armor: Skin              |    12 |    18 ||    30
Dodge: Dodged            |    17 |    85 ||   102

Table legend:
 A = Non-vault XP
 B = Vault XP
 C = Vault XP percentage of total XP
 D = Non-vault monster count
 E = Vault monster count
 F = Vault count percentage of total count
                 A         B        C        D         E       F
            +---------+---------+-------+---------+---------+-------
      Total |     579 |       0 |   0.0 |      88 |       0 |   0.0
            +---------+---------+-------+---------+---------+-------
        D:1 |      22 |       0 |   0.0 |      12 |       0 |   0.0
        D:2 |      68 |       0 |   0.0 |      11 |       0 |   0.0
        D:3 |     254 |       0 |   0.0 |      42 |       0 |   0.0
        D:4 |     229 |       0 |   0.0 |      21 |       0 |   0.0
        D:5 |       6 |       0 |   0.0 |       2 |       0 |   0.0
            +---------+---------+-------+---------+---------+-------
